 Dungeon Crawl Stone Soup version 0.21-a0-39-g28ea6b7 (webtiles) character file.

47 Ketharn the Charmwright (level 3, -4/27 HPs)
             Began as a Vampire Skald on May 30, 2017.
             Slain by Crazy Yiuf
             ... wielding a +4 quarterstaff of chaos
              (9 damage)
             ... on level 2 of the Dungeon.
             The game lasted 00:06:29 (1229 turns).

Ketharn the Charmwright (Vampire Skald)             Turns: 1229, Time: 00:06:30

Health: -4/27      AC:  8    Str: 11    XL:     3   Next: 48%
Magic:  6/6        EV:  9    Int: 15    God:
Gold:   102        SH:  0    Dex: 13    Spells: 3/6 levels left

rFire    . . .     SeeInvis +   a - +0 short sword
rCold    . . .     Gourm    .   (no shield)
rNeg     + . .     Faith    .   h - +1 scale mail
rPois    .         Spirit   .   (no helmet)
rElec    .         Reflect  .   (no cloak)
rCorr    .         Harm     .   m - +0 pair of gloves (curse)
MR       .....                  (no boots)
Stlth    ..........             (no amulet)
Regen    0.1/turn               (no ring)
MPRegen  0.1/turn               (no ring)

@: no status effects
A: fangs 3, see invisible, unbreathing
a: Bat Form


You were on level 2 of the Dungeon.
You were not thirsty.

You visited 1 branch of the dungeon, and saw 2 of its levels.

You collected 102 gold pieces.

Inventory:

Hand Weapons
 a - a +0 short sword (weapon)
Armour
 b - a +0 leather armour
 e - a +0 pair of gloves
 h - a +1 scale mail (worn)
 m - a cursed +0 pair of gloves (worn)
Potions
 k - a potion of agility {unknown}
 l - a potion of degeneration {unknown}
Books
 c - a book of Battle

   Spells                             Type                      Level
   a - Infusion                       Charms                       1
   b - Shroud of Golubria             Charms/Translocation         2
   c - Song of Slaying                Charms                       2
   d - Spectral Weapon                Hexes/Charms                 3
   e - Regeneration                   Charms/Necromancy            3
Comestibles
 f - 6 fruits
 g - a meat ration


   Skills:
 + Level 2.0 Fighting
 + Level 2.9 Short Blades
 + Level 1.2 Armour
 + Level 2.6 Dodging
 + Level 2.1 Spellcasting
 + Level 3.7 Charms


You had 3 spell levels left.
You knew the following spells:

 Your Spells              Type           Power        Failure   Level  Hunger
a - Spectral Weapon       Hex/Chrm       #.......     88%         3    ###....


Dungeon Overview and Level Annotations

Branches:
Dungeon (2/15)

Altars:

Annotations:
D:2 Crazy Yiuf


Innate Abilities, Weirdness & Mutations

You have razor-sharp teeth.
You have supernaturally acute eyesight. (SInv)
You can survive without breathing.


Message History

Found a stone staircase leading down.
You open the door.
Crazy Yiuf the Enlightened comes into view.
He is wielding a quarterstaff of chaos.
Crazy Yiuf shouts!
Found a mace.
Crazy Yiuf drinks a potion.
Crazy Yiuf seems to grow stronger.
There is an open door here.
Crazy Yiuf hits you but does no damage.
You hit Crazy Yiuf.
Crazy Yiuf is moderately wounded.
Crazy Yiuf says, "Ice head King!"
Crazy Yiuf hits you with a quarterstaff of chaos!
You are electrocuted!
* * * LOW HITPOINT WARNING * * *
Unknown command.
Yummy - fresh blood!
Crazy Yiuf closely misses you.
You hit Crazy Yiuf but do no damage. You bite Crazy Yiuf, but do no damage.
Crazy Yiuf is moderately wounded.
Crazy Yiuf hits you with a quarterstaff of chaos!
You die...

####..#.#
......#'##
.........#
.........#
.........#
.######.##
##### ..#
#.# #)..#
#.## #.#
#.g.# #..#
#.# #.@.#
##.## #.#
##'## #..#
#.# ♣.♣♣
##)###.#
♣♣.♣ #..##.#
♣.♣♣ ##.##.#
♣♣.♣
####..#.#
♣♣.♣♣
........#
♣♣...♣
#####.#.####
♣....♣


You could see Crazy Yiuf.

Vanquished Creatures
  Natasha (D:2)
  A dart slug (D:2)
  An orc (D:2)
  2 giant cockroaches (D:1)
  3 goblins
  4 hobgoblins (D:1)
  2 bats (D:1)
  2 kobolds (D:1)
  3 rats (D:1)
19 creatures vanquished.

Notes
Turn   | Place    | Note
-------+----------+-------------------------------------------
     0 | D:1      | Ketharn the Vampire Skald began the quest for the Orb.
     0 | D:1      | Reached XP level 1. HP: 16/16 MP: 3/3
   512 | D:1      | Reached XP level 2. HP: 22/22 MP: 5/5
   516 | D:1      | Reached skill level 1 in Armour
   772 | D:2      | Noticed Natasha
   794 | D:2      | Killed Natasha
   794 | D:2      | Reached XP level 3. HP: 11/27 MP: 6/6
  1071 | D:2      | Learned a level 3 spell: Spectral Weapon
  1180 | D:2      | Found a runed door.
  1224 | D:2      | Noticed Crazy Yiuf
  1229 | D:2      | Slain by Crazy Yiuf

Vault maps used:
D:1:      zelgadis_glass_arrival_small
D:2:      old_standard_altar, gammafunk_temple_overflow_wave, first_bread,
          uniq_natasha, uniq_terence, uniq_crazy_yiuf_cottage

Skill      XL: |  1  2 |
---------------+-------+-----
Armour         | 1 |  1.2
Fighting       | 2 |  2.0
Short Blades   | |  2.9
Dodging        | |  2.6
Spellcasting   | |  2.1
Charms         | |  3.7

Action                   || total
-------------------------++-------
Melee: Short sword       ||    80
       Bite              ||     7
  Use: Scroll            ||     3
       Potion            ||     1
  Eat: Corpse            ||     2
Armor: Scale mail        ||    24
       Leather armour    ||     1
Dodge: Dodged            ||    28
